 Dungeon Crawl Stone Soup version 0.29.1-2-gbd0b4ee654 (webtiles) character file.

Game seed: 832130368105760793

123298 nshep25 the Executioner (level 16, -3/159 HPs)
             Began as a Minotaur Fighter on Oct 31, 2022.
             Was the Champion of the Shining One.
             Constricted to death by Jorgrun (5 damage)
             ... while petrified by a basilisk
             ... on level 15 of the Dungeon.
             The game lasted 00:56:28 (25976 turns).

nshep25 the Executioner (Minotaur Fighter)         Turns: 25976, Time: 00:56:30

Health: -3/159     AC: 22    Str: 38    XL:     16   Next: 36%
Magic:  15/15      EV: -1    Int:  5    God:    the Shining One [******]
Gold:   1409       SH:  0    Dex: 11    Spells: 15/15 levels left

rFire   + . .      SeeInvis .   j - +7 broad axe (protect)
rCold   + . .      Faith    .   c - +0 buckler
rNeg    + + +      Spirit   .   p - +3 plate armour {rF+}
rPois   ∞          Reflect  +   (helmet restricted)
rElec   .          Harm     .   v - +2 cloak {rCorr}
rCorr   +          Rampage  .   z - +1 Delatra's gloves {ID++}
Will    +....                   A - +1 pair of boots
Stlth   ..........              o - amulet of reflection
HPRegen 0.36/turn               u - ring "Qekho" {rPois rC+ Str+6 Int-2}
MPRegen 0.14/turn               G - +6 ring of strength

@: petrified, grasped by roots, glowing, constricted
A: horns 2, retaliatory headbutt, deformed body
a: Renounce Religion, Divine Shield, Cleansing Flame, Summon Divine Warrior,
Brand Weapon With Holy Wrath


You were on level 15 of the Dungeon.
You worshipped the Shining One.
The Shining One was exalted by your worship.
You visited 3 branches of the dungeon, and saw 21 of its levels.
You also visited: Ossuary, Bailey, Ice Cave and Volcano.

You collected 1646 gold pieces.
You spent 237 gold pieces at shops.

Inventory:

Hand Weapons
 j - a +7 broad axe of protection (weapon)
 t - a +2 battleaxe of flaming
Missiles
 B - a boomerang of dispersal
 H - 10 boomerangs (quivered)
 P - 5 throwing nets
Armour
 c - a +0 buckler (worn)
 e - a +2 scale mail of cold resistance
 p - a +3 plate armour of fire resistance (worn)
 v - a +2 cloak of preservation (worn)
 z - the +1 Delatra's gloves (worn) {ID++}
   (You found it on level 3 of the Dungeon)

   It heals its wearer when they drink unknown potions.
   It restores its wearer's MP when they read unknown scrolls.
 A - a +1 pair of boots (worn)
Jewellery
 i - a ring of protection from cold
 o - an amulet of reflection (around neck)
 r - an amulet of the acrobat
 s - an amulet of magic regeneration
 u - the ring "Qekho" (left hand) {rPois rC+ Str+6 Int-2}
   (You found it in an ice cave)

   [ring of strength]

   Str:       It affects your strength (+6).
   Int:       It affects your intelligence (-2).
   rC:        It protects you from cold.
   rPois:     It protects you from poison.
 D - a +6 ring of intelligence
 G - a +6 ring of strength (right hand)
 K - a +6 ring of intelligence
 O - a ring of see invisible
Wands
 b - a wand of flame (16)
 w - a wand of charming (10)
 E - a wand of digging (10)
 J - a wand of quicksilver (6)
 L - a wand of polymorph (4)
 M - a wand of roots (20)
Scrolls
 a - 3 scrolls of enchant armour
 f - 9 scrolls of identify
 h - a scroll of blinking {unknown}
 k - 4 scrolls of butterflies
 n - 4 scrolls of magic mapping
 y - 4 scrolls of amnesia
 F - 7 scrolls of teleportation
 I - 2 scrolls of silence
 N - 5 scrolls of summoning
 T - a scroll of poison
Potions
 d - 4 potions of might
 g - 9 potions of flight
 l - 12 potions of curing
 m - 3 potions of heal wounds
 q - a potion of cancellation
 x - a potion of ambrosia
 C - 3 potions of berserk rage
 Q - 2 potions of brilliance
 R - a potion of resistance
 S - 4 potions of haste
 U - a potion of magic


   Skills:
 * Level 18.5 Fighting
 * Level 23.2 Axes
 + Level 1.0 Throwing
 + Level 13.3 Armour
 + Level 3.0 Dodging
 + Level 2.1 Stealth
 + Level 9.9 Shields


You had 15 spell levels left.
You didn't know any spells.
Your spell library contained the following spells:

 Spells                   Type           Power      Damage    Failure   Level
 Magic Dart               Conj           0%         1d3       95%         1
 Necrotise                Necr           0%         1d4       95%         1
 Shock                    Conj/Air       0%         1d3       95%         1
 Ensorcelled Hibernation  Hex/Ice        0%         N/A       99%         2
 Passwall                 Tmut/Erth      0%         N/A       99%         2
 Searing Ray              Conj           0%         2d4       99%         2
 Static Discharge         Conj/Air       0%         3-3/arc   99%         2
 Portal Projectile        Hex/Tloc       0%         N/A       100%        3
 Spider Form              Tmut/Pois      0%         N/A       100%        3
 Swiftness                Air            0%         N/A       100%        3
 Tukima's Dance           Hex            0%         N/A       100%        3
 Vampiric Draining        Necr           0%         2d6       100%        3
 Airstrike                Air            0%         2d(0-16)  100%        4
 Anguish                  Hex/Necr       0%         N/A       100%        4
 Fulminant Prism          Conj/Hex       0%         3d6       100%        4
 Leda's Liquefaction      Hex/Erth       0%         N/A       100%        4
 Passage of Golubria      Tloc           0%         N/A       100%        4
 Agony                    Necr           0%         N/A       100%        5
 Blade Hands              Tmut           0%         N/A       100%        5
 Freezing Cloud           Conj/Ice/Air   0%         6-21      100%        5
 Lee's Rapid Deconstruct  Erth           0%         3d5*      100%        5
 Lightning Bolt           Conj/Air       0%         1d11      100%        5
 Yara's Violent Unravell  Hex/Tmut       0%         3d3       100%        5
 Simulacrum               Ice/Necr       0%         N/A       100%        6
 Statue Form              Tmut/Erth      0%         N/A       100%        6
 Enfeeble                 Hex            0%         N/A       100%        7
 Maxwell's Capacitive Co  Air            0%         ∞         100%        8
 Polar Vortex             Ice            0%         N/A       100%        9


Dungeon Overview and Level Annotations

Branches:
Dungeon (15/15)            Temple (1/1) D:6            Lair (5/5) D:8
 Shoals (0/4) Lair:2        Snake (0/4) Lair:2        Slime (0/5) Lair:4
    Orc (0/2) D:12         Vaults (0/5) D:14        Ossuary (visited)
 Bailey (visited)           IceCv (visited)         Volcano (visited)
 Depths: D:15

Altars:
Ashenzari
Cheibriados
Dithmenos
Elyvilon
Fedhas
Gozag
Hepliaklqana
Kikubaaqudgha
Makhleb
Nemelex Xobeh
Okawaru
Qazlal
Ru
Sif Muna
Trog
Uskayaw
Vehumet
Wu Jian
Xom
Yredelemnul
Zin
The Shining One
Jiyva
Lugonu

Shops:
D:7 =   D:8 (   D:9 (

Portals:
Abyss: Lair:5

Annotations:
D:15 Jorgrun


Innate Abilities, Weirdness & Mutations

You have a pair of horns on your head.
You reflexively headbutt those who attack you in melee.
Armour fits poorly on your strangely shaped body.


Message History

The grasping roots constrict you. The basilisk gazes at you.
You easily resist.
Unknown command.
You slice Jorgrun!! You headbutt Jorgrun, but do no damage.
Jorgrun is almost dead.
You block Jorgrun's attack. The grasping roots constrict you.
You have turned to stone.
Jorgrun hits you with a +0 vorpal quarterstaff.
The grasping roots constrict you! The basilisk gazes at you.
You easily resist.
Jorgrun casts a spell at you. The iron shot hits you!!
* * * LOW HITPOINT WARNING * * *
The grasping roots constrict you.
* * * LOW HITPOINT WARNING * * *
Jorgrun says, "Tha earth be me home, an' ye be trespassing!"
Jorgrun hits you with a +0 vorpal quarterstaff.
* * * LOW HITPOINT WARNING * * *
The grasping roots constrict you.
Jorgrun says, "May tha earth consume ye!"
Jorgrun hits you but does no damage. The grasping roots constrict you.
Jorgrun hits you with a +0 vorpal quarterstaff!
* * * LOW HITPOINT WARNING * * *
x2 The grasping roots constrict you.
* * * LOW HITPOINT WARNING * * *
The basilisk gazes at you.
You easily resist.
Jorgrun gestures at you while chanting. The iron shot hits you!!
* * * LOW HITPOINT WARNING * * *
The grasping roots constrict you.
* * * LOW HITPOINT WARNING * * *
The basilisk bites you but does no damage.
Jorgrun casts a spell at you. The iron shot hits you!!
* * * LOW HITPOINT WARNING * * *
The grasping roots constrict you!
You die...

######### #.......#
##### ###
#.......###.†.## #..
........##.†.†.#######..
........'..).........'..
......l@##############..
....?.)g# #######..
........# #........
........# #.....!..
........# #........
......... #........
......... ..........
......... ...####### ...


You could see Jorgrun and a basilisk.

Vanquished Creatures
  An orc warlord (Bailey)
  A deep elf annihilator (D:12)
  A red draconian (Volcano)
  A fire dragon (D:12)
  A rakshasa (D:12)
  A vault guard (D:14)
  6 hydras
  4 boulder beetles
  3 centaur warriors
  9 two-headed ogres
  An ogre mage (D:15)
  A death knight (D:14)
  A death yak (Lair:4)
  2 thrashing horrors (Lair:5)
  3 deep troll earth magi (D:12)
  2 tengu warriors
  A salamander mystic (Volcano)
  A deep troll (D:14)
  3 orc knights (Bailey)
  Pikel (D:8)
  A wizard (D:14)
  A deep elf pyromancer (D:15)
  10 ugly things
  5 manticores
  2 oklob plants
  4 salamanders (Volcano)
  5 cyclopes
  32 elephants
  4 black mambas
  2 ice statues (IceCv)
  6 gargoyles
  A molten gargoyle (Volcano)
  A cane toad (shapeshifter) (Lair:5)
  11 cane toads
  2 unseen horrors (D:12)
  2 kobold demonologists (D:12)
  2 rime drakes (Lair:3)
  13 komodo dragons
  2 ancient zymes (Lair:5)
  2 tengu conjurers
  9 trolls
  4 polar bears
  A large abomination (Lair:5)
  A troll (shapeshifter) (Lair:5)
  6 slime creatures
  18 blink frogs
  4 dream sheep (Lair:5)
  A snapping turtle (Lair:2)
  A spriggan (Lair:4)
  2 ynoxinuls (Lair:5)
  2 shadows (D:11)
  13 basilisks
  A vampire (D:10)
  7 fire bats (Volcano)
  8 wraiths
  4 wyverns
  42 yaks
  A human (shapeshifter) (Lair:5)
  12 vampire mosquitoes
  8 redbacks (D:15)
  3 steam dragons
  A chaos spawn (Lair:5)
  3 nagas (Lair:2)
  4 acid dragons
  A floating eye (shapeshifter) (D:13)
  13 water moccasins
  A hydra simulacrum (IceCv)
  An ice beast (D:6)
  10 orc warriors
  6 black bears
  4 ogres
  A centaur (D:8)
  A boggart (D:12)
  12 wolves (Lair:3)
  A phantom (D:4)
  A kobold brigand (D:7)
  2 gnoll sergeants (D:12)
  9 bullfrogs
  A necrophage (D:7)
  3 scorpions
  A cane toad simulacrum (D:13)
  2 water moccasin zombies (Ossuary)
  2 two-headed ogre simulacra (D:13)
  8 small abominations (Lair:5)
  A wight (D:8)
  7 killer bees
  2 electric eels
  6 lava snakes (Volcano)
  4 howler monkeys
  3 hounds
  3 orc priests
  Crazy Yiuf (D:2)
  3 gnoll boudas
  8 jellies
  6 iguanas
  4 orc wizards
  2 spriggan simulacra (D:13)
  3 wolf simulacra (IceCv)
  2 mummies (Ossuary)
  28 gnolls
  7 adders
  3 naga simulacra (D:13)
  3 white imps
  2 ufetubi
  7 adder zombies (Ossuary)
  5 worms
  3 dart slugs
  35 orcs
  17 endoplasms
  4 giant cockroaches
  11 hobgoblins
  8 jackals
  6 quokkas
  3 ball pythons
  7 bats
  9 frilled lizards
  2 gnoll zombies (Ossuary)
  20 goblins
  2 hobgoblin zombies (Ossuary)
  16 kobolds
  7 kobold zombies (Ossuary)
  8 orc zombies (Ossuary)
  4 rats
660 creatures vanquished.

Vanquished Creatures (others)
  An ugly thing (IceCv)
  57 fungi
  70 plants
128 creatures vanquished.

Grand Total: 788 creatures vanquished

Notes
Turn   | Place    | Note
-------+----------+-------------------------------------------
     0 | D:1      | nshep25 the Minotaur Fighter began the quest for the Orb.
     0 | D:1      | Reached XP level 1. HP: 19/19 MP: 0/0
   283 | D:1      | Reached XP level 2. HP: 24/27 MP: 1/1
   505 | D:1      | Found a faded altar of an unknown god.
   589 | D:1      | Reached skill level 3 in Axes
   589 | D:1      | Reached XP level 3. HP: 30/34 MP: 2/2
  1651 | D:2      | Reached XP level 4. HP: 41/41 MP: 3/3
  1857 | D:2      | Found a runed translucent door.
  1858 | D:2      | Noticed Crazy Yiuf
  1867 | D:2      | Killed Crazy Yiuf
  1868 | D:2      | Reached skill level 4 in Axes
  2437 | D:3      | Found the +1 Delatra's gloves {ID++}
  2443 | D:3      | Reached XP level 5. HP: 44/47 MP: 4/4
  2445 | D:3      | Reached skill level 5 in Axes
  3543 | D:4      | Noticed a phantom
  3551 | D:4      | Killed a phantom
  3552 | D:4      | Reached skill level 5 in Fighting
  3552 | D:4      | Reached skill level 6 in Axes
  3552 | D:4      | Reached XP level 6. HP: 55/56 MP: 5/5
  3786 | D:4      | Found an ornate altar of the Wu Jian Council.
  4144 | D:4      | Found a glowing silver altar of Zin.
  4432 | D:5      | Entered Level 5 of the Dungeon
  4503 | D:5      | Reached skill level 7 in Axes
  4515 | D:5      | Reached XP level 7. HP: 28/61 MP: 6/6
  4790 | D:5      | Reached skill level 8 in Axes
  5977 | D:6      | Reached skill level 5 in Armour
  6024 | D:6      | Reached skill level 9 in Axes
  6033 | D:6      | Reached skill level 5 in Shields
  6033 | D:6      | Reached XP level 8. HP: 61/70 MP: 7/7
  6264 | D:6      | Found a sparkling altar of Nemelex Xobeh.
  6472 | D:6      | You fall into a shaft and drop 1 floor!
  6643 | D:7      | Reached skill level 10 in Axes
  6787 | D:7      | Found Qidugg's Jewellery Shop.
  7130 | D:7      | Reached XP level 9. HP: 70/79 MP: 8/8
  7362 | D:6      | Noticed a moth of wrath
  7365 | D:6      | Found a bloodstained altar of Trog.
  7528 | D:6      | Found a staircase to the Ecumenical Temple.
  7534 | Temple   | Entered the Ecumenical Temple
  7697 | Temple   | Became a worshipper of the Shining One
  7775 | D:8      | Found a sand-covered staircase.
  7784 | D:8      | Reached skill level 11 in Axes
  7848 | Ossuary  | Entered an ossuary
  7895 | Ossuary  | Reached * piety under the Shining One
  7941 | Ossuary  | Reached ** piety under the Shining One
  8387 | D:8      | Noticed a two-headed ogre
  8398 | D:8      | Killed a two-headed ogre
  8399 | D:8      | Reached skill level 12 in Axes
  8399 | D:8      | Reached skill level 1 in Dodging
  8580 | D:8      | Found a staircase to the Lair.
  8753 | D:8      | Noticed Pikel
  8762 | D:8      | Reached skill level 13 in Axes
  8765 | D:8      | Killed Pikel
  8766 | D:8      | Reached XP level 10. HP: 82/90 MP: 9/9
  8909 | D:8      | Found a broken altar of Ashenzari.
  9194 | D:8      | Found Dyfauq's Antique Weapon Shoppe.
  9197 | D:8      | Bought a glowing battleaxe for 237 gold pieces
  9456 | Lair:1   | Entered Level 1 of the Lair of Beasts
  9461 | Lair:1   | Found a dark tunnel.
  9473 | Volcano  | Entered a volcano
  9510 | Volcano  | Reached skill level 14 in Axes
 10092 | Volcano  | Noticed a salamander
 10101 | Volcano  | Killed a salamander
 10148 | Volcano  | Found a radiant altar of Vehumet.
 10148 | Volcano  | Noticed a salamander
 10148 | Volcano  | Noticed a salamander
 10148 | Volcano  | Noticed a salamander mystic
 10152 | Volcano  | Killed a salamander
 10154 | Volcano  | Killed a salamander
 10155 | Volcano  | Reached skill level 15 in Axes
 10155 | Volcano  | HP: 3/92 [salamander mystic/bolt of magma (11)]
 10161 | Volcano  | Killed a salamander mystic
 10482 | Volcano  | Noticed a gargoyle
 10483 | Volcano  | Noticed a red draconian
 10485 | Volcano  | Killed a gargoyle
 10486 | Volcano  | Reached skill level 10 in Fighting
 10486 | Volcano  | Reached XP level 11. HP: 69/99 MP: 10/10
 10498 | Volcano  | Killed a red draconian
 11295 | Lair:1   | Reached *** piety under the Shining One
 11299 | Lair:1   | Reached skill level 16 in Axes
 11737 | Lair:1   | Noticed an eight-headed hydra
 11742 | Lair:1   | Killed a six-headed hydra
 11743 | Lair:1   | Reached skill level 17 in Axes
 12330 | Lair:2   | Found a staircase to the Snake Pit.
 12583 | Lair:2   | Reached XP level 12. HP: 83/110 MP: 11/11
 12953 | Lair:2   | Found a staircase to the Shoals.
 13502 | Lair:2   | Reached skill level 18 in Axes
 13897 | Lair:3   | Reached skill level 1 in Throwing
 14000 | Lair:3   | Reached skill level 10 in Armour
 14236 | Lair:3   | Reached skill level 19 in Axes
 15020 | Lair:4   | Reached XP level 13. HP: 105/119 MP: 12/12
 15529 | Lair:4   | Reached **** piety under the Shining One
 15702 | Lair:4   | Reached skill level 20 in Axes
 15845 | Lair:4   | Found a viscous altar of Jiyva.
 15845 | Lair:4   | Found a staircase to the Slime Pits.
 16267 | Lair:5   | Entered Level 5 of the Lair of Beasts
 16809 | Lair:5   | HP: 5/125 [small abomination (10)]
 17225 | Lair:5   | Reached ***** piety under the Shining One
 17363 | Lair:5   | Reached skill level 21 in Axes
 17366 | Lair:5   | Reached skill level 15 in Fighting
 17376 | Lair:5   | Reached XP level 14. HP: 113/135 MP: 13/13
 17532 | Lair:5   | Found a corrupted altar of Lugonu.
 17532 | Lair:5   | Found a one-way gate to the infinite horrors of the Abyss.
 18751 | D:9      | Found a flagged portal.
 18760 | Bailey   | Entered a bailey
 18841 | Bailey   | Noticed an orc warlord
 18853 | Bailey   | Killed an orc warlord
 19270 | D:9      | Gained mutation: You expend magic power (3 MP) to
                  | strengthen your wands. [potion of mutation]
 19270 | D:9      | Gained mutation: You have sharp fingernails. [potion of
                  | mutation]
 19270 | D:9      | Gained mutation: Your spells are a little harder to cast,
                  | but a little more powerful. [potion of mutation]
 19271 | D:9      | Lost mutation: You have sharp fingernails. [potion of
                  | mutation]
 19271 | D:9      | Lost mutation: Your spells are a little harder to cast, but
                  | a little more powerful. [potion of mutation]
 19271 | D:9      | Lost mutation: You expend magic power (3 MP) to strengthen
                  | your wands. [potion of mutation]
 19271 | D:9      | Gained mutation: Armour fits poorly on your strangely
                  | shaped body. [potion of mutation]
 19281 | D:9      | Reached XP level 15. HP: 145/145 MP: 14/14
 19308 | D:9      | Found an iron altar of Okawaru.
 19617 | D:9      | Found Vienlau's Weapon Boutique.
 19782 | D:10     | Entered Level 10 of the Dungeon
 21499 | D:12     | Identified the +0 glaive "Noamaudd" {vorpal, rF+ rN+}
 21610 | D:12     | Reached skill level 22 in Axes
 21887 | D:12     | Found a staircase to the Orcish Mines.
 22442 | D:13     | HP: 3/147 [boulder beetle (15)]
 22909 | D:13     | Found a frozen archway.
 22912 | D:13     | Reached ****** piety under the Shining One
 22929 | IceCv    | Entered an ice cave
 22942 | IceCv    | Found a transporter.
 22954 | IceCv    | Found a transporter.
 23253 | IceCv    | Identified the ring "Qekho" {rPois rC+ Str+6 Int-2}
 23568 | D:12     | Reached XP level 16. HP: 157/157 MP: 15/15
 23789 | D:12     | Identified the +6 quarterstaff of the Briny Deep {vorpal,
                  | Drain rF++ Dex+4}
 24989 | D:14     | Reached skill level 23 in Axes
 25042 | D:14     | Found a gate to the Vaults.
 25128 | D:14     | Found a hide-covered altar of Uskayaw.
 25167 | D:14     | Identified the +7 great sword "Gram" {drain, Int+2}
 25775 | D:15     | Entered Level 15 of the Dungeon
 25950 | D:15     | Noticed Jorgrun
 25976 | D:15     | HP: 2/159 [Jorgrun/iron shot (12)]
 25976 | D:15     | Constricted to death by Jorgrun

Illustrated notes

Levels and vault maps discovered:
D:1:      dpeg_arrival_refuge, layout_basic, shapermc_ecumenical_altar_acropolis
D:2:      layout_basic, uniq_crazy_yiuf_cottage
D:3:      layout_basic, pf_guarded_unrand_delatra
D:4:      layout_layer_cave, zin_scriptorium, mainiacjoe_overflow_alcove_1,
          hex_tiny, grunt_decor_resistance
D:5:      nicolae_BIG_FREAKIN_CUBE, layout_loops_corners
D:6:      layout_rooms, nemelex_diamond_rough_becter, tgw_trog,
          minmay_temple_entry_fiery, dk_noncrumbling_3
D:7:      layout_basic, serial_shops, shop
D:8:      layout_basic, cheibrodos_ashenzari_chains,
          due_lair_maze_entry_diamond, serial_shops, kennysheep_mini_moat,
          nicolae_ossuary_entry_ruins, minmay_starry_boxes, uniq_pikel
D:9:      layout_loops_ring, okawaru_gym_becter, serial_shops,
          nicolae_shop_window_shopping, enter_bailey_2
D:10:     layout_gridville
D:11:     layout_big_octagon
D:12:     minmay_nested_s, layout_basic, orc_0_dummy, minmay_lizard_king
D:13:     lemuel_slime, layout_gridville, portal_ice_cave_entry_ice_simulacra,
          kennysheep_another_room
D:14:     layout_long_grid, david_vaults_4, old_standard_altar
D:15:     gammafunk_depths_entry_grave, layout_basic, interstate_on_off,
          special_room [special_room_orc], drop_trap, uniq_jorgrun, uniq_azrael
Temple:   eino_temple_rhombus
Lair:1:   layout_cave_pods, nicolae_volcano_entry_lava_flow
Lair:2:   layout_cave_pods, minmay_shoals_entry_hut,
          minmay_snake_entry_guardpost_medium, serial_bayou_shore_b,
          grunt_megastairs_2, lemuel_fruit_tree, serial_bayou_shore_a
Lair:3:   layout_loops_ring
Lair:4:   layout_cave_pods, slime_entry_1, grunt_forest_large_clearing_hut,
          infiniplex_staircase_pool
Lair:5:   hellmonk_lair_end_abyssal_woods, layout_cave_pods,
          serial_bayou_shore_b, serial_bayou_shore_b

Skill      XL: |  1  2  3  4  5  6  7  8  9 10 11 12 13 14 15 16 |
---------------+-------------------------------------------------+-----
Fighting       | 4 5 7 8 10 11 12 15 16 17 18 | 18.5
Shields        | 4 5 6 7 8 9 |  9.9
Axes           | 3 4 6 7 9 10 13 15 17 19 21 22 23 | 23.2
Armour         | 4 5 6 7 8 10 11 12 13 | 13.3
Dodging        | 1 3 |  3.0
Throwing       | 1 |  1.0
Stealth        | 2 |  2.1

Action                   |  1- 3 |  4- 6 |  7- 9 | 10-12 | 13-15 | 16-18 || total
-------------------------+-------+-------+-------+-------+-------+-------++-------
Melee: War axe           |    79 |   106 |   287 |    83 |       |       ||   555
       Headbutt          |     5 |    18 |    47 |    73 |   172 |    39 ||   354
       Battleaxe         |       |       |       |   199 |   275 |       ||   474
       Broad axe         |       |       |       |       |   246 |   134 ||   380
Throw: Boomerang         |       |       |     1 |    10 |       |       ||    11
  Use: Scroll            |       |       |    20 |       |    18 |       ||    38
       Potion            |       |       |       |     2 |     5 |       ||     7
 Stab: Invisible         |       |     1 |       |       |       |       ||     1
Armor: Scale mail        |     6 |       |       |       |       |       ||     6
       Plate armour      |    53 |    46 |   138 |   182 |   352 |    68 ||   839
       Chain mail        |     1 |       |       |       |       |       ||     1
Dodge: Dodged            |    37 |    22 |    83 |   106 |   180 |    38 ||   466
Block: Buckler           |    28 |    53 |   125 |    48 |   123 |    48 ||   425
       Reflection        |       |     1 |     5 |     2 |     4 |     1 ||    13
       Other             |       |       |       |    42 |    45 |       ||    87
